Cogmind - Beta 15 @@@ ROGUE MODE // 2025.06.19 @ 17:55:14 Player: 7604 Result: Destroyed by Lightning with EMDS Performance ------------- Evolutions (4) 2000 Regions Visited (13) 2600 Robots Destroyed (125) 625 Value Destroyed (4516) 4516 Prototype IDs (36) 720 Alien Tech Used (0) 0 Bonus (3302) 3302 TOTAL SCORE: 13763 Bonus ------- Follower Combat Kills 1202 Network Hubs Disabled 200 Registered with UFD 300 Met Optimus in HQ 500 Built Enhanced Grunts 300 A7 Reached Mainframe 300 Met R17 at Cetus 500 Cogmind --------- Core Integrity 0/850 Matter 245/300 Energy 105/135 System Corruption 10% Temperature Cool (0) Movement Hovering (126) Ox1 Location -6/Hub_04(d) Parts ------- > --- POWER (1) -------- Compact Particle Reactor > --- PROPULSION (5) --- Combat Airjet (fused) Antigrav Array > --- UTILITY (7) ------ Large Storage Unit Advanced Melee Analysis Suite Weapon Mount Force Field > --- WEAPON (2) ------- Companion Sword > --- INVENTORY (15) --- Fission Core Gravmag System Antigrav Array Advanced Energy Well (0) Structural Scanner Improved Sensor Array Layered Medium Armor Plating Centrium Medium Armor Plating Advanced KE Penetrator Advanced KE Penetrator Long-range Missile Launcher Peak State ------------ > --- POWER ------------ Compact Particle Reactor > --- PROPULSION ------- Combat Airjet Combat Airjet Combat Airjet Antigrav Array > --- UTILITY ---------- Large Storage Unit Advanced Melee Analysis Suite Weapon Mount Centrium Medium Armor Plating Centrium Medium Armor Plating EM Shield Force Field > --- WEAPON ----------- Companion Sword > --- INVENTORY -------- Fission Core Gravmag System Gravmag System Antigrav Array Advanced Energy Well Structural Scanner Improved Sensor Array Layered Medium Armor Plating Centrium Medium Armor Plating Centrium Medium Armor Plating Advanced KE Penetrator Advanced KE Penetrator Long-range Missile Launcher [Rating: 93] Favorites ----------- Power Heavy Ion Engine Engine Heavy Ion Engine Power Core Neutrino Core Reactor Compact Particle Reactor Propulsion Combat Airjet Treads Light Treads Leg Aluminum Leg Hover Unit Combat Airjet Flight Unit Improved Flight Unit Utility Seismic Detector Device Seismic Detector Storage High-capacity Storage Unit Processor Advanced Signal Interpreter Hackware Improved Hacking Suite Protection Improved Utility Shielding Weapon Improved Medium Laser Energy Gun Improved Medium Laser Ballistic Gun Assault Rifle Launcher Long-range Missile Launcher Impact Weapon Mace Slashing Weapon Companion Sword Piercing Weapon Spear Special Melee Weapon Datajack Build | -11 -10 -10 -9 -9 -9 -9 -6 -6 -6 -6 -6 -6 -6 ------- Run | Yrd Mat Min Mat Sto Rec Scr Fac Was Fac Ext Cet Arc Hub Slots Evolved 8 | . . . 2 . . . 6 . . . . . . Power . | . . . . . . . . . . . . . . Propulsion 3 | . . . 1 . . . 2 . . . . . . Utility 5 | . . . 1 . . . 4 . . . . . . Weapon . | . . . . . . . . . . . . . . Parts Attached 115 | 1 11 1 21 8 6 4 20 . 7 18 8 7 3 Power 11 | . 1 . 1 . 1 . 1 . 1 5 1 . . Engine 7 | . 1 . 1 . 1 . . . 1 3 . . . Core 3 | . . . . . . . 1 . . 2 . . . Reactor 1 | . . . . . . . . . . . 1 . . Propulsion 34 | . 2 . 6 5 2 1 10 . 1 3 1 2 1 Treads 16 | . 2 . 5 5 2 1 . . . . 1 . . Leg 1 | . . . . . . . . . . . . 1 . Wheel . | . . . . . . . . . . . . . . Hover 11 | . . . . . . . 5 . 1 3 . 1 1 Flight 6 | . . . 1 . . . 5 . . . . . . Utility 48 | 1 5 . 7 2 2 . 8 . 3 9 4 5 2 Device 21 | 1 3 . 4 . . . 3 . 1 3 1 5 . Storage 4 | . 1 . 1 . . . 1 . . 1 . . . Processor 2 | . . . . . . . 1 . 1 . . . . Hackware 1 | . . . . . . . 1 . . . . . . Protection 20 | . 1 . 2 2 2 . 2 . 1 5 3 . 2 Artifact . | . . . . . . . . . . . . . . Weapon 22 | . 3 1 7 1 1 3 1 . 2 1 2 . . Energy Gun 5 | . . . 4 . . . . . . . 1 . . Energy Cannon . | . . . . . . . . . . . . . . Ballistic Gun 7 | . 3 1 2 . . . . . . . 1 . . Ballistic Cannon . | . . . . . . . . . . . . . . Launcher 3 | . . . . 1 . . 1 . 1 . . . . Special Weapon . | . . . . . . . . . . . . . . Impact Weapon 1 | . . . 1 . . . . . . . . . . Slashing Weapon 2 | . . . . . . 2 . . . . . . . Piercing Weapon 1 | . . . . . . 1 . . . . . . . Special Melee Weapon 3 | . . . . . 1 . . . 1 1 . . . Unidentified Prototypes 11 | . . . 4 . . 1 . . . . 4 2 . Corrupted Parts 2 | . . . . . . . . . . . 2 . . System Corruption 15 | . . . . . . . . . . . 15 . . Parts Lost 26 | . 1 1 2 . 3 . 1 . . 12 1 . 5 Power 4 | . . . . . 1 . . . . 3 . . . Propulsion 7 | . . . . . 1 . 1 . . 3 . . 2 Utility 14 | . 1 1 2 . 1 . . . . 5 1 . 3 Weapon 1 | . . . . . . . . . . 1 . . . Highest Loss Streak 6 | . 1 1 1 . 2 . 1 . . 6 1 . 5 To Critical Strikes . | . . . . . . . . . . . . . . Average Backups 14 | 6 8 9 18 20 19 17 8 8 9 13 14 13 12 Power . | 1 1 . . 1 . . . . . 1 2 1 1 Propulsion 3 | 4 . 1 4 5 5 4 . 3 2 2 1 2 2 Utility 5 | . 3 3 3 7 7 7 4 3 4 6 6 7 6 Weapon 4 | 1 3 4 9 6 6 5 1 2 1 2 3 3 3 Tool/Special . | . . . . . . . . . . . . . . Unused Backups 54 | . 10 3 14 . . 3 2 1 5 3 6 1 6 Power 9 | . 1 1 . . . . . . 2 3 1 . 1 Propulsion 8 | . 4 . . . . 1 . . . . 1 . 2 Utility 11 | . 2 1 . . . . 1 . 3 . 1 1 2 Weapon 25 | . 3 1 14 . . 2 1 . . . 3 . 1 Tool/Special 1 | . . . . . . . . 1 . . . . . Average Slot Usage (%) 97 | . 99 99 99 100 99 99 84 100 99 96 95 86 82 Engine 8 | . 14 14 11 11 10 11 . . 5 4 . . . Treads 20 | . 26 28 33 33 32 33 . . . . . . . Hover 9 | . . . . . . . 4 33 33 32 32 26 24 Flight 1 | . . . . . . . 24 . . . . . . Device 17 | . 13 13 19 18 20 22 13 20 17 14 8 22 19 Storage 9 | . 14 14 11 11 11 11 6 6 6 6 6 6 6 Processor 3 | . . . . . . . 5 6 8 13 11 6 6 Protection 4 | . . . 1 3 1 . 6 6 6 11 18 9 11 Energy Gun 5 | . . . 20 20 20 . . . . . . . . Ballistic Gun 5 | . 28 28 1 . . . . . . . . . . Slashing Weapon 3 | . . . . . . 6 6 6 6 6 6 6 6 Special Melee Weapon 3 | . . . . . . 11 3 6 5 3 2 . . Peak Build Rating 93 | 7 10 10 26 27 27 24 62 62 70 72 89 90 93 Average Rating 36 | 6 8 8 22 23 24 22 42 61 66 67 77 88 86 On Entrance 38 | 6 7 8 9 19 25 19 24 62 61 66 68 83 84 Naked Turns . | . . . . . . . . . . . . . . Heaviest Build 68 | 14 20 21 60 62 68 54 54 26 35 55 59 58 62 Greatest Support 66 | 20 40 40 60 60 63 66 66 60 60 60 60 62 62 Greatest Overweight (x) 19 | . . . . 1 1 . 1 . . . 1 19 1 Average Overweight (x) . | . . . . . . . . . . . . 2 . Largest Inventory Capacity 20 | 8 10 10 20 20 20 20 20 10 10 15 15 15 15 Average Capacity 15 | 8 8 10 18 20 20 20 10 10 10 14 15 15 15 Most Carried 20 | 7 10 10 20 20 20 20 16 10 10 15 15 15 15 Average Carried 14 | 6 8 9 18 19 19 18 9 8 9 13 14 14 13 Final Capacity 20 | 8 10 10 20 20 20 20 10 10 10 15 15 15 15 Final Carried 20 | 7 10 10 20 20 19 16 10 8 10 15 15 15 12 Class Distribution -------------------- 33% | Commander-Mutant 30% | Mutant 27% | Scavenger-Mutant 8% | Scout Dominant Class ---------------- Mutant | -10/Materials Mutant | -10/Mines Scavenger-Mutant | -9/Materials Scavenger-Mutant | -9/Storage Scavenger-Mutant | -9/Recycling Commander-Mutant | -9/Scraptown Scout | -6/Factory Scout | -6/Waste Scout | -6/Factory Mutant | -6/Extension Commander-Mutant | -6/Cetus Commander-Mutant | -6/Archives Scavenger-Mutant | -6/Hub_04(d) Resources | -11 -10 -10 -9 -9 -9 -9 -6 -6 -6 -6 -6 -6 -6 ----------- Run | Yrd Mat Min Mat Sto Rec Scr Fac Was Fac Ext Cet Arc Hub Matter Collected 2906 | 197 359 98 501 470 144 64 135 . 236 411 115 176 . Remotely . | . . . . . . . . . . . . . . Salvage Created 5489 | 30 537 193 1193 774 355 . 161 . 359 1248 138 375 126 Parts 285 | 5 32 10 42 49 23 . 12 . 21 61 7 21 2 Haulers Intercepted 9 | . 2 . 3 1 . . 1 . . 2 . . . Recyclers Shooed 5 | 1 . . 1 1 1 . . . 1 . . . . Parts Field Recycled . | . . . . . . . . . . . . . . Retrieved Matter . | . . . . . . . . . . . . . . Parts Self-Destructed . | . . . . . . . . . . . . . . Prevented . | . . . . . . . . . . . . . . Kills | -11 -10 -10 -9 -9 -9 -9 -6 -6 -6 -6 -6 -6 -6 ------- Run | Yrd Mat Min Mat Sto Rec Scr Fac Was Fac Ext Cet Arc Hub Combat Hostiles Destroyed 87 | . 8 6 20 16 6 . 3 . 8 15 2 1 2 Melee 26 | . . . . . . . . . 6 15 2 1 2 Guns 50 | . 8 6 18 12 6 . . . . . . . . AOE 9 | . . . . 4 . . 3 . 2 . . . . Classes Destroyed 17 | 1 4 1 4 2 3 . . . 1 1 . . . Worker 2 | . . . 1 . . . 1 . . . . . . Builder 6 | . . . . 2 3 . . . . 1 . . . Tunneler 1 | 1 . . . . . . . . . . . . . Hauler 9 | . 2 . 3 1 . . 1 . . 2 . . . Recycler 1 | . . . 1 . . . . . . . . . . Mechanic 1 | . 1 . . . . . . . . . . . . Operator 11 | . . . . . . . . . 1 1 . 9 . Watcher 8 | . 3 . 1 1 . . . . 1 2 . . . Swarmer 11 | . . . . 4 . . 4 . 3 . . . . Grunt 38 | . 8 4 12 3 . . . . 2 7 . . 2 Duelist 2 | . . . 2 . . . . . . . . . . Protector 1 | . . . . . 1 . . . . . . . . Sentry 25 | . . . 6 9 2 . . . 1 6 . 1 . Demolisher 1 | . . . . . 1 . . . . . . . . Programmer 4 | . . . . . 2 . . . 2 . . . . Behemoth 2 | . . . . . . . . . . 2 . . . Cetus Guard 2 | . . . . . . . . . . . 2 . . Assembled 2 | . . 2 . . . . . . . . . . . Best Kill Streak 7 | 1 4 3 4 5 2 . 4 . 3 2 1 7 1 Combat Bots Only 4 | . 2 3 4 4 2 . 3 . 3 2 1 1 1 Max Kills in Single Turn 5 | 1 1 1 1 5 1 . 2 . 1 1 1 1 1 Gunslinging . | . . . . . . . . . . . . . . Exploded 4 | . . . . 4 . . 2 . 1 . . . . Melee 1 | . . . . . . . . . 1 1 1 1 1 Uniques/NPCs Destroyed 1 | . . . . . . . . . . . 1 . . A7 (-6/Cetus) Combat | -11 -10 -10 -9 -9 -9 -9 -6 -6 -6 -6 -6 -6 -6 -------- Run | Yrd Mat Min Mat Sto Rec Scr Fac Was Fac Ext Cet Arc Hub Hostile Shots Fired 716 | . 44 9 78 48 25 . 21 1 105 275 12 3 95 Missed 271 | . 7 2 23 12 5 . 7 1 52 124 7 1 30 Hits 445 | . 37 7 55 36 20 . 14 . 53 151 5 2 65 Melee 12 | . . . 1 . . . . . . . . . 11 Projectile 433 | . 37 7 54 36 20 . 14 . 53 151 5 2 54 AOE 4 | . . . . . 4 . . . . . . . . Critical Strikes 16 | . 1 . 1 1 1 . . . 3 3 . . 6 Actively Blocked 1 | . . . . . . . . . 1 . . . . Damage Taken 7183 | . 504 74 778 546 400 . 224 . 653 1847 323 114 1720 Core 1305 | . 68 32 186 61 100 . 54 . 164 296 93 30 221 Absorbed by Shields 498 | . . . . . . . . . . 238 41 49 170 Redirected to Shielding 217 | . . . . . . . 9 . 49 132 . 7 20 Ignored by Resistances 464 | . . . . . . . . . . 32 . . 432 Core Remaining (%) 57 | 100 . 60 . . . 13 . . . . . . . Volleys Fired 183 | 3 38 11 72 35 19 . 2 . 2 . 1 . . Largest 2 | 2 2 2 2 2 2 . 1 . 1 . 1 . . Hottest 240 | 40 40 40 112 112 112 . 36 . 43 . 240 . . Shots Fired 360 | 6 76 22 144 69 38 . 2 . 2 . 1 . . Gun 355 | 6 76 22 144 68 38 . . . . . 1 . . Cannon . | . . . . . . . . . . . . . . Launcher 5 | . . . . 1 . . 2 . 2 . . . . Special . | . . . . . . . . . . . . . . Kinetic 114 | 6 76 22 10 . . . . . . . . . . Thermal 241 | . . . 134 68 38 . . . . . 1 . . Explosive 5 | . . . . 1 . . 2 . 2 . . . . Electromagnetic . | . . . . . . . . . . . . . . Robot Hit Streak 20 | 4 10 6 20 18 15 . . . . . . . . Robot Miss Streak 5 | 1 3 1 5 2 2 . . . . . . . . Penetration Max . | . . . . . . . . . . . . . . Secondary Targets 1 | . 1 . . . . . . . . . . . . Max Gunslinging Chain 1 | . 1 . . . . . . . . . . . . Shots Hit Robots 437 | 4 53 13 97 55 27 2 6 . 30 106 9 24 11 Core Hits 173 | 1 28 9 32 29 14 . 6 . 13 24 2 11 4 Critical Kills . | . . . . . . . . . . . . . . Critical Parts Destroyed 1 | . . . 1 . . . . . . . . . . Critical Strikes 24 | . . . 8 8 2 . . . . 4 . 2 . Burn 17 | . . . 7 8 2 . . . . . . . . Destroy 1 | . . . 1 . . . . . . . . . . Melee Attacks 233 | . . . 3 2 . 2 22 . 42 111 12 25 14 Impact 5 | . . . 3 2 . . . . . . . . . Slashing 187 | . . . . . . . 19 . 40 77 12 25 14 Piercing . | . . . . . . . . . . . . . . Sneak Attacks 57 | . . . . . . 2 4 . 1 40 . 10 . Combat Hostiles 5 | . . . . . . . . . . 4 . 1 . Follow-up Attacks . | . . . . . . . . . . . . . . Damage Inflicted 12699 | 38 581 173 1703 1296 574 . 500 . 1766 3632 376 1630 430 Guns 4009 | 38 581 172 1693 1019 506 . . . . . . . . Cannons . | . . . . . . . . . . . . . . Explosions 942 | . . . . 277 . . 251 . 414 . . . . Melee 7669 | . . . . . . . 249 . 1352 3632 376 1630 430 Ramming 79 | . . 1 10 . 68 . . . . . . . . Kinetic 853 | 38 581 172 62 . . . . . . . . . . Thermal 3156 | . . . 1631 1019 506 . . . . . . . . Explosive 942 | . . . . 277 . . 251 . 414 . . . . Electromagnetic . | . . . . . . . . . . . . . . Impact . | . . . . . . . . . . . . . . Slashing 7669 | . . . . . . . 249 . 1352 3632 376 1630 430 Piercing . | . . . . . . . . . . . . . . Highest Corruption 15 | . . . . . 2 . . . 3 3 15 15 10 Average Corruption 6 | . . . . . 1 . . . 2 2 13 11 5 Corruption Purged 18 | . . . . . . . . . . 3 . 15 . Corruption Blocked . | . . . . . . . . . . . . . . Effects 45 | . . . . . 4 . . . 7 11 8 13 2 Message Errors 11 | . . . . . . . . . 3 2 2 3 1 Matter Fused 11 | . . . . . 3 . . . 1 1 2 4 . Heat Flow Errors 5 | . . . . . . . . . 1 3 1 . . Energy Discharges 6 | . . . . . 1 . . . . 2 2 1 . Parts Rejected 1 | . . . . . . . . . . . 1 . . Parts Fused 1 | . . . . . . . . . . . . 1 . Data Loss (minor) 6 | . . . . . . . . . 1 3 . 2 . Data Loss (major) 3 | . . . . . . . . . . . . 2 1 Alerts 1 | . . . . . . . . . 1 . . . . Overload Shots 1 | . . . . . . . . . . . 1 . . Overflow Damage 711 | . . . . 18 5 . 92 . 135 171 . 290 . Projectiles . | . . . . . . . . . . . . . . Explosions 56 | . . . . 18 . . . . 38 . . . . Melee 655 | . . . . . 5 . 92 . 97 171 . 290 . Knockbacks 1 | . . . . . 1 . . . . . . . . Impact 1 | . . . . . 1 . . . . . . . . Kinetic . | . . . . . . . . . . . . . . Secondary . | . . . . . . . . . . . . . . Self-Inflicted Damage 38 | . . . . 38 . . . . . . . . . Shots 1 | . . . . 1 . . . . . . . . . Rammed 8 | . . 1 1 1 5 . . . . . . . . Targets Rammed 10 | . . 1 3 1 5 . . . . . . . . Kicked . | . . . . . . . . . . . . . . Crushed 2 | . . . 2 . . . . . . . . . . Highest Temperature 279 | . 80 2 251 147 279 . . . 150 214 190 . 12 Average Temperature 58 | . 36 2 57 43 72 . . . 85 84 95 . 7 Received Heat Transfer 1624 | . 303 56 348 216 45 . . . 114 412 36 8 86 Siege Activations . | . . . . . . . . . . . . . . Martial Activations . | . . . . . . . . . . . . . . Shielding Activations . | . . . . . . . . . . . . . . Robots Disrupted . | . . . . . . . . . . . . . . Combat Hostiles . | . . . . . . . . . . . . . . Robots Corrupted 1 | . . . . . 1 . . . . . . . . Combat Hostiles . | . . . . . . . . . . . . . . Parts Fried 1 | . . . . . 1 . . . . . . . . Impact Corruptions 1 | . . . . . 1 . . . . . . . . Robots Melted 2 | . . . 2 . . . . . . . . . . Combat Hostiles 2 | . . . 2 . . . . . . . . . . Parts Melted 28 | . . . 13 11 4 . . . . . . . . Heat Transferred 7881 | . . . 3959 2701 1221 . . . . . . . . Parts Sabotaged 3 | . . . . . . . . . . . . . 3 Parts Stolen . | . . . . . . . . . . . . . . Parts Stripped . | . . . . . . . . . . . . . . Power Chain Reactions . | . . . . . . . . . . . . . . Alert | -11 -10 -10 -9 -9 -9 -9 -6 -6 -6 -6 -6 -6 -6 ------- Run | Yrd Mat Min Mat Sto Rec Scr Fac Was Fac Ext Cet Arc Hub Maximum Alert Level 1 | . . . . 1 . . . . . 1 . . . Low Security (%) 97 | 100 100 100 100 73 100 . 100 100 100 99 100 100 100 Level 1 2 | . . . . 26 . . . . . . . . . Level 2 . | . . . . . . . . . . . . . . Level 3 . | . . . . . . . . . . . . . . Level 4 . | . . . . . . . . . . . . . . Level 5 . | . . . . . . . . . . . . . . High Security . | . . . . . . . . . . . . . . Max Security . | . . . . . . . . . . . . . . Peak Influence 305 | 5 55 58 161 305 114 . 89 14 153 200 192 156 84 Initial 114 | . . 10 . 56 114 . . 14 . 65 72 56 . Average 51 | 4 11 10 85 127 28 . 23 5 33 65 90 66 15 Influence Increases 4344 | 5 325 202 735 586 329 . 258 . 325 775 352 280 172 Destroy 0b10 Robot/C 2220 | . 160 160 440 320 100 . 120 . 160 480 160 80 40 Destroy 0b10 Robot/NC 220 | 5 30 . 30 20 25 . 10 . 10 35 10 45 . Destroy Leader 450 | . 40 20 148 114 . . 22 . 52 54 . . . Allied During Kill 342 | . . 15 11 . 1 . 7 . . 30 153 125 . Successful Hack 227 | . 35 7 24 . 38 . 51 . 20 33 . . 19 Select Force Hacks 350 | . 60 . 30 60 150 . . . . . . . 50 Disable Machine 105 | . . . 15 15 . . 15 . . . 15 30 15 Destroy Structure 85 | . . . 7 12 . . 18 . 23 8 14 . 3 Partial Spotted 30 | . . . . . . . 15 . . . . . 15 Lose Combat Pursuer 315 | . . . 30 45 15 . . . 60 135 . . 30 Influence Decreases 4339 | 5 297 230 600 428 622 . 217 41 190 781 339 422 167 Entered New Map 516 | . . 18 . 79 179 . . 27 . 70 57 86 . Time Decay 3045 | 5 287 171 478 349 413 . 170 14 190 502 190 256 20 Lost Part 172 | . 10 10 20 . 30 . 10 . . 52 10 . 30 Lost Ally 460 | . . 31 31 . . . 37 . . 82 82 80 117 Purge Threat 146 | . . . 71 . . . . . . 75 . . . Squads Dispatched 27 | . 2 . 4 3 . . 7 . 5 2 . . 4 Investigation 15 | . 2 . 3 3 . . 4 . 2 . . . 1 Extermination 4 | . . . . . . . 2 . 2 . . . . Reinforcement 5 | . . . 1 . . . 1 . 1 2 . . . Assault 2 | . . . . . . . . . . . . . 2 Garrison 1 | . . . . . . . . . . . . . 1 Intercept . | . . . . . . . . . . . . . . Searches Triggered . | . . . . . . . . . . . . . . Construction Impeded . | . . . . . . . . . . . . . . Haulers Reinforced . | . . . . . . . . . . . . . . Active Scanning Responses . | . . . . . . . . . . . . . . Cargo Convoy Interrupts . | . . . . . . . . . . . . . . Stealth | -11 -10 -10 -9 -9 -9 -9 -6 -6 -6 -6 -6 -6 -6 --------- Run | Yrd Mat Min Mat Sto Rec Scr Fac Was Fac Ext Cet Arc Hub Distress Signals 10 | . 1 . 2 1 . . . . . 4 2 . . Communications Jammed . | . . . . . . . . . . . . . . Distress Signals . | . . . . . . . . . . . . . . Times Spotted 191 | . 14 7 35 22 6 . 8 5 13 36 10 11 24 Peak Tracking Total 18 | . 3 2 6 6 3 . 3 5 3 4 5 2 18 Tactical Retreats 15 | . . . 2 2 1 . . . 2 6 . . 2 Traps | -11 -10 -10 -9 -9 -9 -9 -6 -6 -6 -6 -6 -6 -6 ------- Run | Yrd Mat Min Mat Sto Rec Scr Fac Was Fac Ext Cet Arc Hub Traps Triggered 8 | . . . 1 2 . . 1 . . 3 . . 1 Indirectly . | . . . . . . . . . . . . . . Trap Hack Attempts . | . . . . . . . . . . . . . . Triggered . | . . . . . . . . . . . . . . Disarmed 5 | . . . . 5 . . . . . . . . . Reprogrammed . | . . . . . . . . . . . . . . Reused . | . . . . . . . . . . . . . . Traps Extracted . | . . . . . . . . . . . . . . Installed . | . . . . . . . . . . . . . . Triggered . | . . . . . . . . . . . . . . Machines | -11 -10 -10 -9 -9 -9 -9 -6 -6 -6 -6 -6 -6 -6 ---------- Run | Yrd Mat Min Mat Sto Rec Scr Fac Was Fac Ext Cet Arc Hub Machines Disabled 7 | . . . 1 1 . . 1 . . . 1 2 1 Max in Single Turn 1 | . . . . 1 . . 1 . . . 1 . 1 Garrison Access 1 | . . . . . . . . . . . . . 1 Network Hub 1 | . . . . . . . . . . . . . 1 Machines Repaired . | . . . . . . . . . . . . . . Machines Dismantled . | . . . . . . . . . . . . . . Machines Sabotaged 1 | . . . . . . . . . . . . . 1 Overloaded Fab Kills . | . . . . . . . . . . . . . . Hacking | -11 -10 -10 -9 -9 -9 -9 -6 -6 -6 -6 -6 -6 -6 --------- Run | Yrd Mat Min Mat Sto Rec Scr Fac Was Fac Ext Cet Arc Hub Machines Accessed 70 | . 9 1 9 5 12 5 15 . 3 9 1 . 1 Terminals 44 | . 7 1 7 3 6 . 9 . 1 8 1 . 1 Fabricators 3 | . . . . . . . 2 . 1 . . . . Repair Stations 1 | . . . . . . . . . . 1 . . . Recycling Units 13 | . 2 . 1 2 6 . 2 . . . . . . Scanalyzers 4 | . . . 1 . . . 2 . 1 . . . . Garrison Access . | . . . . . . . . . . . . . . Total Hacks 200 | . 33 3 32 13 35 15 35 . 7 21 2 . 4 Successful 114 | . 21 1 18 8 18 15 18 . 3 8 . . 4 Failed 86 | . 12 2 14 5 17 . 17 . 4 13 2 . . Catastrophic 8 | . 2 . 1 . 2 . 2 . . 1 . . . Database Lockouts . | . . . . . . . . . . . . . . Manual 95 | . 20 4 18 7 17 . 17 . 2 6 1 . 3 Terminals 130 | . 24 3 28 8 17 . 22 . 2 20 2 . 4 Fabricators 8 | . . . . . . . 5 . 3 . . . . Repair Stations 1 | . . . . . . . . . . 1 . . . Recycling Units 37 | . 9 . 2 5 18 . 3 . . . . . . Scanalyzers 9 | . . . 2 . . . 5 . 2 . . . . Garrison Access . | . . . . . . . . . . . . . . Terminal Hacks 57 | . 9 1 7 3 8 15 6 . . 6 . . 2 Record 8 | . . . . . . 8 . . . . . . . Part Schematic 7 | . . 1 . . 2 . 3 . . 1 . . . Robot Schematic 1 | . 1 . . . . . . . . . . . . Robot Analysis 11 | . 3 . 1 . 2 5 . . . . . . . Prototype ID Bank 4 | . . . . 1 3 . . . . . . . . Open Door 5 | . . . . 1 . 1 . . . 3 . . . Level Access Points 1 | . . . . . . . . . . . . . 1 Branch Access Points 2 | . . . 1 . . . 1 . . . . . . Emergency Access Points 1 | . 1 . . . . . . . . . . . . Terminal Index 1 | . . . . . . . 1 . . . . . . Alert Level 4 | . . . 1 . 1 . 1 . . 1 . . . Unreport Threat 2 | . . . 1 . . . . . . 1 . . . Locate Traps 2 | . 2 . . . . . . . . . . . . Disarm Traps 1 | . . . . 1 . . . . . . . . . Hauler Manifests 2 | . 1 . 1 . . . . . . . . . . Zone Layout 4 | . 1 . 2 . . . . . . . . . 1 Proto ID Catalog 1 | . . . . . . 1 . . . . . . . Fabricator Hacks 6 | . . . . . . . 4 . 2 . . . . Network Status 1 | . . . . . . . 1 . . . . . . Load Schematic 3 | . . . . . . . 2 . 1 . . . . Build 2 | . . . . . . . 1 . 1 . . . . Repair Station Hacks . | . . . . . . . . . . . . . . Recycling Unit Hacks 11 | . 3 . . 2 4 . 2 . . . . . . Retrieve Components 11 | . 3 . . 2 4 . 2 . . . . . . Scanalyzer 7 | . . . 2 . . . 4 . 1 . . . . Insert Component 4 | . . . 1 . . . 2 . 1 . . . . Analyze 3 | . . . 1 . . . 2 . . . . . . Garrison Access Hacks . | . . . . . . . . . . . . . . Unauthorized Hacks 33 | . 9 . 9 3 6 . 2 . . 2 . . 2 Terminals 22 | . 7 . 8 1 1 . 1 . . 2 . . 2 Track 2 | . . . 1 . . . . . . 1 . . . Botnet 7 | . 1 . 1 1 1 . 1 . . 1 . . 1 Operators 2 | . 1 . 1 . . . . . . . . . . Skim 10 | . 5 . 5 . . . . . . . . . . Sabotage 1 | . . . . . . . . . . . . . 1 Fabricators . | . . . . . . . . . . . . . . Repair Stations . | . . . . . . . . . . . . . . Recycling Units 11 | . 2 . 1 2 5 . 1 . . . . . . Tunnel 10 | . 2 . 1 2 5 . . . . . . . . Fedlink 1 | . . . . . . . 1 . . . . . . Scanalyzers . | . . . . . . . . . . . . . . Garrison Access . | . . . . . . . . . . . . . . Data Cores Recovered . | . . . . . . . . . . . . . . Used . | . . . . . . . . . . . . . . Hacking Detections 52 | . 8 1 7 4 8 . 12 . 3 8 1 . . Full Trace Events 6 | . . . 1 . 1 . 3 . 1 . . . . Feedback Events . | . . . . . . . . . . . . . . Feedback Blocked . | . . . . . . . . . . . . . . Robot Schematics Acquired 1 | . 1 . . . . . . . . . . . . Robots Built . | . . . . . . . . . . . . . . Authchips . | . . . . . . . . . . . . . . Time . | . . . . . . . . . . . . . . Total Robot Build Rating . | . . . . . . . . . . . . . . Part Schematics Acquired 10 | . . 1 1 . 2 . 5 . . 1 . . . Parts Built 3 | . . . . . . . 1 . 2 . . . . Authchips . | . . . . . . . . . . . . . . Time 181 | . . . . . . . 134 . 47 . . . . Total Part Build Rating 14 | . . . . . . . 4 . 10 . . . . Parts Repaired . | . . . . . . . . . . . . . . Time . | . . . . . . . . . . . . . . Parts Recycled . | . . . . . . . . . . . . . . Recycled Matter . | . . . . . . . . . . . . . . Retrieved Matter . | . . . . . . . . . . . . . . Retrieved Components 56 | . 19 . . 19 16 . 2 . . . . . . Parts Scanalyzed 4 | . . . 1 . . . 2 . 1 . . . . Part Schematics Acquired 3 | . . . 1 . . . 2 . . . . . . Parts Damaged 1 | . . . . . . . . . 1 . . . . Bothacking | -11 -10 -10 -9 -9 -9 -9 -6 -6 -6 -6 -6 -6 -6 ------------ Run | Yrd Mat Min Mat Sto Rec Scr Fac Was Fac Ext Cet Arc Hub Used RIF Installer . | . . . . . . . . . . . . . . Robots Hacked 6 | . . . . . . 2 1 . . 3 . . . Non-combat 1 | . . . . . . . 1 . . . . . . Combat 5 | . . . . . . 2 . . . 3 . . . Robot Hacks Applied 7 | . . . . . . 2 2 . . 3 . . . parse_system 6 | . . . . . . 2 1 . . 3 . . . find_chute 1 | . . . . . . . 1 . . . . . . Relay Couplers Released 2 | . . . . . . . . . . . . . 2 Machine Destruction 2 | . . . . . . . . . . . . . 2 Fabnet Peak Effective % . | . . . . . . . . . . . . . . Robots Rewired 22 | . . . . . 5 . . . . 17 . . . Allies Hacked . | . . . . . . . . . . . . . . Hacks Repelled . | . . . . . . . . . . . . . . Allies | -11 -10 -10 -9 -9 -9 -9 -6 -6 -6 -6 -6 -6 -6 -------- Run | Yrd Mat Min Mat Sto Rec Scr Fac Was Fac Ext Cet Arc Hub Total Allies 37 | . . 5 . . 5 . . . . 22 5 . . Largest Group 14 | . . 3 3 . 5 5 5 . . 14 14 11 7 Highest-Rated Group 792 | . . 53 40 . 73 73 73 . . 525 792 624 388 Highest-Rated Ally 159 | . . 31 16 . 27 27 27 . . 159 159 96 96 Total Orders 5 | . . . . . . . 1 . . 4 . . . STAY 3 | . . . . . . . 1 . . 2 . . . FOLLOW 2 | . . . . . . . . . . 2 . . . Ally Attacks 285 | . . 29 20 . . . 9 . . 95 89 38 5 Total Damage 6589 | . . 363 195 . . . 106 . . 1994 2493 1300 138 Kills 34 | . . 5 2 . . . 3 . . 11 10 3 . Allies Corrupted 4 | . . . . . . . . . . . . . 4 Allies Melted . | . . . . . . . . . . . . . . Intel | -11 -10 -10 -9 -9 -9 -9 -6 -6 -6 -6 -6 -6 -6 ------- Run | Yrd Mat Min Mat Sto Rec Scr Fac Was Fac Ext Cet Arc Hub Active Infowar (turns) 11054 | 9 1217 1052 1309 643 1337 2713 552 61 867 1288 . 1 5 Sensors 2157 | . . . . . . . 222 61 835 1039 . . . Terrain 2886 | . . . 1222 607 1057 . . . . . . . . Structural 1808 | . . . . . . . 538 61 825 378 . 1 5 Seismic 8602 | 9 1217 1052 1308 637 1336 2713 330 . . . . . . Robot Analysis Total 11 | . 3 . 1 . 2 5 . . . . . . . Derelict Logs Recovered 3 | . . 3 . . . . . . . . . . . Drone Launches . | . . . . . . . . . . . . . . Drone Recoveries . | . . . . . . . . . . . . . . Exploration | -11 -10 -10 -9 -9 -9 -9 -6 -6 -6 -6 -6 -6 -6 ------------- Run | Yrd Mat Min Mat Sto Rec Scr Fac Was Fac Ext Cet Arc Hub Turns Passed 13681 | 20 1360 1062 1513 844 1458 2713 552 61 933 1924 387 769 85 Spaces Moved 9068 | 8 730 518 680 355 799 1676 964 86 905 1585 352 353 57 Core 49 | . . . . . . . . . . . . 49 . Treads 4721 | . 689 518 680 355 799 1676 4 . . . . . . Legs 49 | 8 41 . . . . . . . . . . . . Wheels . | . . . . . . . . . . . . . . Hover 3389 | . . . . . . . 100 86 905 1585 352 304 57 Flight 860 | . . . . . . . 860 . . . . . . Fastest Speed 25 | 120 120 160 160 160 160 160 25 68 68 68 68 65 59 Average Speed 117 | 120 157 160 160 161 160 160 31 68 68 68 69 189 72 Slowest Speed 1000 | 120 160 160 160 240 240 160 160 68 68 71 144 1000 129 Overloaded Moves . | . . . . . . . . . . . . . . Propulsion Burnouts . | . . . . . . . . . . . . . . Robots Hopped 4 | . . . . . . . 4 . . . . . . Potential Cave-ins . | . . . . . . . . . . . . . . Cave-ins Triggered . | . . . . . . . . . . . . . . Exploration Rate (%) 61 | 2 97 98 53 47 99 84 28 68 13 98 78 80 10 Regions Visited 13 Branch Regions 8 Pre-discovered Areas 16 | . 4 1 4 2 5 . . . . . . . . Known Exits Taken 6 | . 1 1 1 1 . . . . 1 1 . . . Unknown Exits Taken 5 | 1 . . . . 1 1 . . . . 1 1 . Scrap Searched 7 | . . 1 . . . 6 . . . . . . . Spaces Dug 40 | . . . 3 11 . . 17 . 7 1 . . 1 Terrain Destroyed 62 | . . . 3 11 . . 17 . 29 1 . . 1 Melee 24 | . . . 3 . . . 12 . 7 1 . . 1 Projectile . | . . . . . . . . . . . . . . AOE 38 | . . . . 11 . . 5 . 22 . . . . Terrain Rammed . | . . . . . . . . . . . . . . Walls Destroyed . | . . . . . . . . . . . . . . Machines Disabled . | . . . . . . . . . . . . . . Actions | -11 -10 -10 -9 -9 -9 -9 -6 -6 -6 -6 -6 -6 -6 --------- Run | Yrd Mat Min Mat Sto Rec Scr Fac Was Fac Ext Cet Arc Hub Total 11464 | 12 867 731 951 538 929 1712 1189 89 1162 2295 484 423 82 Wait 1387 | . 61 191 76 97 27 9 150 2 176 507 77 12 2 Move 9047 | 7 729 517 679 354 798 1675 956 85 903 1584 351 352 57 Hop 4 | . . . . . . . 4 . . . . . . Pick Up 117 | 1 11 4 34 1 3 7 9 . 11 19 10 6 1 Fast Attach 46 | 1 2 . 6 . 1 4 9 . 1 3 7 9 3 Attach 41 | . . 1 7 . 2 . 11 . 1 12 2 2 3 Detach 21 | . . . 2 . . 1 7 . 1 3 3 4 . Swap 156 | . 14 2 39 42 13 . 2 . 13 26 3 1 1 Drop 136 | . 12 4 30 6 3 14 17 2 11 6 18 12 1 Fire 183 | 3 38 11 72 35 19 . 2 . 2 . 1 . . Melee 232 | . . . 3 2 . 2 22 . 42 110 12 25 14 Ram . | . . . . . . . . . . . . . . Kick . | . . . . . . . . . . . . . . Crush 10 | . . 1 3 1 5 . . . . . . . . Escape Stasis 11 | . . . . . . . . . 1 10 . . . Rewire 73 | . . . . . 58 . . . . 15 . . . Trap . | . . . . . . . . . . . . . . Miscellaneous . | . . . . . . . . . . . . . . Route ------- -11/Scrapyard -10/Materials (discovered 5 exits: *Mat x3 / *Min / Sub) -10/Mines (discovered 3 exits: *Mat x2 / [*Exi]) -9/Materials (discovered 5 exits: *Mat x3 / *Min / *Sto) -9/Storage -9/Recycling (discovered 2 exits: [*Fac] / *Scr) -9/Scraptown -6/Factory (discovered 5 exits: *Fac / *Low x2 / Ext x2) -6/Waste -6/Factory (discovered 2 exits: *Ext x2) -6/Extension (discovered 2 exits: *Fac / *Cet) -6/Cetus (discovered 2 exits: *Fac / [*Arc]) -6/Archives (discovered 2 exits: *Hub x2) -6/Hub_04(d) (discovered 4 exits: *Fac x4) History --------- Turn | Location | Event 10 | -11/Scrapyard | Discovered new exit (range 2) 21 | -11/Scrapyard | Entered Materials 285 | -10/Materials | Discovered new exit (range 11) 317 | -10/Materials | Build established: Mutant 792 | -10/Materials | Discovered new exit (range 16) 994 | -10/Materials | Discovered new exit (range 13) 1017 | -10/Materials | Identified exit to Materials 1017 | -10/Materials | Identified exit to Subcaves 1131 | -10/Materials | Learned 2 Storage zone layouts 1171 | -10/Materials | Loaded intel: 26 trap records 1202 | -10/Materials | Identified exit to Mines 1381 | -10/Materials | Entered Mines 1397 | -10/Mines | Deemed a non-threat by the Exiles lab entrance 1397 | -10/Mines | Discovered new exit (range 5) 1425 | -10/Mines | Received a Rocket Launcher from a helpful Derelict 1546 | -10/Mines | Learned Materials stockpile data 1591 | -10/Mines | Excavation squad dispatched 1591 | -10/Mines | A large section of the Mines collapsed 1839 | -10/Mines | Assisted by bots powering up and referring to "LRC-V3" 2150 | -10/Mines | Discovered exit to Materials (range 12) 2240 | -10/Mines | Joined a pair of Derelicts in attacking an 0b10 outpost 2443 | -10/Mines | Entered Materials 2443 | -9/Materials | Accompanied by 3 allies 2443 | -9/Materials | Evolved 2 slots: Propulsion x1, Utility x1 2709 | -9/Materials | Discovered new exit (range 12) 2745 | -9/Materials | Build established: Scavenger-Mutant 3309 | -9/Materials | Discovered new exit (range 16) 3323 | -9/Materials | Identified exit to Mines 3323 | -9/Materials | Identified exit to Storage 3688 | -9/Materials | Learned location of Zion (-6) 3781 | -9/Materials | Identified exit to Materials 3811 | -9/Materials | Learned Storage emergency access door positions 3869 | -9/Materials | Learned Storage garrison access intel 3956 | -9/Materials | Entered Storage 3957 | -9/Storage | Identified exit to Recycling 3959 | -9/Storage | Loaded intel: 1 garrison access location 4344 | -9/Storage | Core integrity fell below 50% 4794 | -9/Storage | Used back door to open Recycling access 4800 | -9/Storage | Entered Recycling 5594 | -9/Recycling | Discovered new exit (range 15) 5791 | -9/Recycling | Scanned before Scraplab entrance 5953 | -9/Recycling | Core integrity fell below 20% 6234 | -9/Recycling | Entered Scraplab 6247 | -9/Recycling | Discovered new exit (range 2) 6258 | -9/Recycling | Entered Scraptown 6258 | -9/Scraptown | Accompanied by 5 allies 6258 | -9/Scraptown | System corruption cleaned by C-Scrubber 6389 | -9/Scraptown | Build established: Commander-Mutant 6460 | -9/Scraptown | Visited Assassins FH 6475 | -9/Scraptown | Visited Comm Corps 6489 | -9/Scraptown | Visited Science Testing Area 6505 | -9/Scraptown | Visited Shadow of the Wyrm 6637 | -9/Scraptown | Visited Junk Repository 6881 | -9/Scraptown | Heard Great Nut preacher, LISTEN AND RECITE! 7100 | -9/Scraptown | Visited IN-MT5's Study 7160 | -9/Scraptown | Visited UFD Registry 7160 | -9/Scraptown | Registered with UFD as "Databox" 7193 | -9/Scraptown | Visited Chapter 10 7216 | -9/Scraptown | Visited Curators Association 7265 | -9/Scraptown | Visited DA-N13 Charitable Foundation 7282 | -9/Scraptown | Found DCF Scrap (28 items) 7314 | -9/Scraptown | Visited LU-1G1's Boring Crew 7443 | -9/Scraptown | Visited Analyses Database 7477 | -9/Scraptown | Visited Sword Containment 7522 | -9/Scraptown | Visited Abandonware Association 7538 | -9/Scraptown | Learned abandonware demo "HACKBUD.EXE" 7538 | -9/Scraptown | Learned abandonware demo "TRNCOAT.EXE" 7573 | -9/Scraptown | Visited Derelict Rescue Squad 7590 | -9/Scraptown | Found DRS Beacon 7626 | -9/Scraptown | Visited Observation Area 7656 | -9/Scraptown | Visited Science Guys 8322 | -9/Scraptown | Visited Cyclists 8334 | -9/Scraptown | Entered Cyclist Reading Room 8878 | -9/Scraptown | Met Optimus 8878 | -9/Scraptown | Accepted into 0bPrime 8958 | -9/Scraptown | Discovered new exit (range 5) 8971 | -9/Scraptown | Entered Factory 8971 | -6/Factory | Accompanied by 5 allies 8971 | -6/Factory | Evolved 6 slots: Propulsion x2, Utility x4 9202 | -6/Factory | Discovered new exit (range 8) 9204 | -6/Factory | Identified exit to Factory 9298 | -6/Factory | Discovered new exit (range 14) 9365 | -6/Factory | Fabricated Imp. Cesium-ion Thruster? 9382 | -6/Factory | Identified exit to Lower Caves 9382 | -6/Factory | Identified exit to Extension 9505 | -6/Factory | Loaded intel: 8 recycling unit locations 9523 | -6/Factory | Sucked down chute 9523 | -6/Factory | Entered Waste 9529 | -6/Waste | Spotted C-40 Crusher 9543 | -6/Waste | Spotted C-40 Crusher 9544 | -6/Waste | Spotted C-40 Crusher 9544 | -6/Waste | Spotted C-40 Crusher 9565 | -6/Waste | Spotted C-40 Crusher 9569 | -6/Waste | Spotted C-40 Crusher 9578 | -6/Waste | Discovered new exit (range 10) 9584 | -6/Waste | Identified exit to Factory 9584 | -6/Waste | Entered Factory 9612 | -6/Factory | Build established: Scout 9784 | -6/Factory | Discovered exit to Extension (range 12) 9930 | -6/Factory | Discovered exit to Extension (range 11) 10095 | -6/Factory | Fabricated Weapon Mount? 10517 | -6/Factory | Entered Extension 10954 | -6/Extension | Build established: Mutant 11272 | -6/Extension | Rescued a captive Derelict 11272 | -6/Extension | Rescued a captive Derelict 11558 | -6/Extension | Spotted B-75 Beast 11576 | -6/Extension | Spotted B-75 Beast 11593 | -6/Extension | Rescued a captive Derelict 11594 | -6/Extension | Rescued a captive Derelict 11611 | -6/Extension | Lost 3 parts (1p2u) 11655 | -6/Extension | Lost 6 allies 11659 | -6/Extension | Core integrity fell below 50% 11661 | -6/Extension | Destroyed B-75 Beast 11722 | -6/Extension | Destroyed B-75 Beast 11737 | -6/Extension | Lost 6 parts (1p3n2u) 11867 | -6/Extension | Rescued A7 12316 | -6/Extension | Build established: Commander-Mutant 12375 | -6/Extension | Discovered new exit (range 16) 12376 | -6/Extension | Discovered exit to Factory (range 15) 12387 | -6/Extension | Identified exit to Cetus 12441 | -6/Extension | Entered Cetus 12441 | -6/Cetus | Accompanied by 14 allies (A7) 12446 | -6/Cetus | Acquired a Cetus Manufacturing Module code from A7 12451 | -6/Cetus | Spotted Cetus Guard 12451 | -6/Cetus | Spotted Cetus Guard 12455 | -6/Cetus | Spotted Cetus Guard 12456 | -6/Cetus | Spotted Cetus Guard 12471 | -6/Cetus | Allies destroyed Cetus Guard 12489 | -6/Cetus | Allies destroyed Cetus Guard 12490 | -6/Cetus | Allies destroyed Cetus Guard 12494 | -6/Cetus | Destroyed Cetus Guard 12527 | -6/Cetus | Lost 7 allies 12534 | -6/Cetus | Started Cetus Manufacturing Module 12559 | -6/Cetus | Manufactured an Enhanced Grunt 12584 | -6/Cetus | Manufactured an Enhanced Grunt 12586 | -6/Cetus | Escorted A7 to Cetus Mainframe 12609 | -6/Cetus | Manufactured an Enhanced Grunt 12615 | -6/Cetus | System corruption reached 10% 12634 | -6/Cetus | Manufactured an Enhanced Grunt 12659 | -6/Cetus | Manufactured an Enhanced Grunt 12666 | -6/Cetus | Discovered new exit (range 15) 12697 | -6/Cetus | Spotted Cetus Guard 12699 | -6/Cetus | Spotted Cetus Guard 12705 | -6/Cetus | Spotted Cetus Guard 12706 | -6/Cetus | Spotted Cetus Guard 12716 | -6/Cetus | Discovered exit to Factory (range 15) 12717 | -6/Cetus | Allies destroyed Cetus Guard 12717 | -6/Cetus | Allies destroyed A7 12717 | -6/Cetus | Allies destroyed Cetus Guard 12721 | -6/Cetus | Allies destroyed Cetus Guard 12722 | -6/Cetus | Destroyed Cetus Guard 12724 | -6/Cetus | Met Revision 17 12751 | -6/Cetus | Extracted ID and sensor layout for unrecognized location from A7's data core 12828 | -6/Cetus | Entered Archives 12828 | -6/Archives | Accompanied by 11 allies 12863 | -6/Archives | Discovered new exit (range 16) 12877 | -6/Archives | Found Prototype Device 12877 | -6/Archives | Identified Exp. Thermal Shield 12896 | -6/Archives | Lost 4 allies 12922 | -6/Archives | Discovered new exit (range 15) 13597 | -6/Archives | Entered Hub_04(d) 13597 | -6/Hub_04(d) | Accompanied by 7 allies 13599 | -6/Hub_04(d) | Discovered exit to Factory (range 14) 13599 | -6/Hub_04(d) | Network Hub disabled 13601 | -6/Hub_04(d) | Spotted Lightning 13601 | -6/Hub_04(d) | Spotted Lightning 13601 | -6/Hub_04(d) | Spotted Lightning 13614 | -6/Hub_04(d) | Garrison activated, responded to threat 13615 | -6/Hub_04(d) | Spotted Lightning 13623 | -6/Hub_04(d) | Spotted Lightning 13630 | -6/Hub_04(d) | Spotted Lightning 13647 | -6/Hub_04(d) | Core integrity fell below 20% 13657 | -6/Hub_04(d) | Lost 7 allies 13682 | -6/Hub_04(d) | Destroyed by Lightning with EMDS Last Messages --------------- 13670_ C-30 ARC bursts open, deploying its payload. 13670_ G-67 Veteran unfolds itself. 13670_ G-50 Soldier unfolds itself. 13670_ E-15 Imp unfolds itself. 13671_ K-01 Serf collects debris. 13672_ Acquired Adv. Energy Well. 13672_ Penetrated by EMDS Slug. 13674_ Centrium Medium Armor Plating destroyed. 13674_ Control Node disabled. 13675_ System corrupted: Substantial component data lost. 13676_ EMDS Slug penetrates Wall. 13677_ EM Shield blown off. 13677_ Centrium Medium Armor Plating blown off. 13677_ Cmb. Airjet blown off. 13678_ EMDS Slug penetrates L-41 Fighter. 13679_ L-41 Fighter system terminally corrupted. 13682_ Penetrated by EMDS Slug. 13682_ Gravmag System destroyed. Map ----- +----------------------------------------------------+ | ?????????????????????????????????????????????????? | | ?????????????????????????????????????????????????? | | ?????????????????????????????????????????????????? | | ?????????????????????????????????????????????????? | | ?????????????????????????????????????????????????? | | ?????????????????????????????????????????????????? | | ?????????????????????????????????????????????????? | | ???????????????????????????????